 Dungeon Crawl Stone Soup version 0.19.1-1-g22dce08 (webtiles) character file.

130 HessuHobo the Grave Robber (level 4, -5/36 HPs)
             Began as a Deep Dwarf Necromancer on Dec 29, 2016.
             Slain by BoredOne's ghost (7 damage)
             ... on level 3 of the Dungeon.
             The game lasted 00:13:21 (2890 turns).

HessuHobo the Grave Robber (Deep Dwarf Necromancer) Turns: 2890, Time: 00:13:22

Health: -5/36      AC:  5    Str: 11    XL:     4   Next: 90%
Magic:  6/6        EV: 12    Int: 17    God:
Gold:   109        SH:  0    Dex: 13    Spells: 2 memorised, 2 levels left

rFire  . . .     SeeInvis .     m - +1 short sword (venom)
rCold  . . .     Gourm    .     a - +0 robe
rNeg   . . .     Faith    .     (no shield)
rPois  .         Spirit   .     k - +0 helmet
rElec  .         Reflect  .     (no cloak)
rCorr  .         Harm     .     e - +0 pair of gloves
MR     .....                    h - +0 pair of boots
Stlth  ++........               (no amulet)
                                (no ring)
                                (no ring)

@: non-regenerating
A: damage resistance, recharge devices, sense surroundings 1, slow regeneration
3
a: Device Recharging


You were on level 3 of the Dungeon.
You were not hungry.

You visited 1 branch of the dungeon, and saw 3 of its levels.

You collected 109 gold pieces.

Inventory:

Hand Weapons
 g - a +0 club
 m - a +1 short sword of venom (weapon)
Armour
 a - a +0 robe (worn)
 e - a +0 pair of gloves (worn)
 h - a +0 pair of boots (worn)
 k - a +0 helmet (worn)
Jewellery
 n - a cursed ring of teleportation {unknown}
Wands
 c - a wand of heal wounds (4/9)
 r - a wand of lightning (1/15)
 v - a wand of flame (28/48)
Scrolls
 l - a scroll of magic mapping {unknown}
 o - a scroll of enchant armour {unknown}
 p - a scroll of identify {unknown}
 s - a scroll of remove curse {unknown}
 u - a scroll of enchant weapon {unknown}
 w - a scroll of fog {unknown}
 x - a scroll of immolation {unknown}
Potions
 i - 4 potions of curing {unknown}
 q - 2 potions of might {unknown}
 t - 2 potions of degeneration {unknown}
Books
 b - a book of Necromancy

   Spells                             Type                      Level
   a - Pain                           Necromancy                   1
   b - Animate Skeleton               Necromancy                   1
   c - Vampiric Draining              Necromancy                   3
   d - Regeneration                   Charms/Necromancy            3
   e - Animate Dead                   Necromancy                   4
   f - Control Undead                 Necromancy                   4
Comestibles
 d - 2 bread rations
 f - 2 chunks of flesh
 j - 4 fruits


   Skills:
 + Level 0.3 Short Blades
 - Level 0.6 Maces & Flails
 - Level 2.1 Dodging
 - Level 2.4 Stealth
 - Level 0.3 Unarmed Combat
 - Level 1.7 Spellcasting
 + Level 6.6 Necromancy


You had 2 spell levels left.
You knew the following spells:

 Your Spells              Type           Power        Failure   Level  Hunger
a - Pain                  Necr           ###.         1%          1    #......
b - Vampiric Draining     Necr           ###.......   4%          3    ###....


Dungeon Overview and Level Annotations

Branches:
Dungeon (3/15)

Altars:

Annotations:
D:3 BoredOne's ghost, weakling OgHu


Innate Abilities, Weirdness & Mutations

You are resistant to damage.
You can recharge devices by infusing magical energy.
You passively map a small area around you.
You do not regenerate.


Message History

Confirm with . or Enter, or press ? or * to list all spells.
You can't see any susceptible monsters within range! (Use Z to cast anyway.) Unknown command.
Evoke which item? (* to show all) (? for menu, Esc to quit)
Zapping:
r - a wand of lightning {zapped: 3} (will waste charges)
Press: ? - help, Shift-Dir - straight line, f/p - BoredOne's ghost
Aim: BoredOne's ghost (heavily damaged)
You hear a mighty clap of thunder!
The bolt of lightning hits BoredOne's ghost.
BoredOne's ghost is severely damaged.
Evoking this partially-identified wand wasted a few charges.
BoredOne's ghost barely misses you.
You barely miss BoredOne's ghost.
BoredOne's ghost is severely damaged.
BoredOne's ghost hits you!
* * * LOW HITPOINT WARNING * * *
You hit BoredOne's ghost.
BoredOne's ghost is severely damaged.
BoredOne's ghost hits you!
You die...

....... #.#.# #.....$.#
*
,......##.#.###.......#
*#....,......#.......
#..#.###...........,
#.....##..#.#..... * *
#,#......#.##.#?# *
.###.#..#.....##.#.#
........W....>.....#####
* ,
##.####@..#.####.##.....
, , ###.......)##.#..#
*, #.#######...#...
#...* #.#####. * , #...#
#...#... , #...#
###.#.## * #...####
#...## ##...##.### #....
,..........####..##


You could see BoredOne's ghost.

Vanquished Creatures
  An orc priest (D:3)
  4 adders
  An ooze (D:2)
  A worm (D:2)
  2 dart slugs
  2 leopard geckos (D:1)
  4 orcs
  7 bats
  5 giant cockroaches
  4 hobgoblins (D:1)
  4 frilled lizards
  4 goblins
  8 kobolds
  4 rats (D:1)
51 creatures vanquished.

Vanquished Creatures (others)
  A dart slug (D:1)
1 creature vanquished.

Grand Total: 52 creatures vanquished

Notes
Turn   | Place    | Note
-------+----------+-------------------------------------------
     0 | D:1      | HessuHobo the Deep Dwarf Necromancer began the quest for the Orb.
     0 | D:1      | Reached XP level 1. HP: 15/15 MP: 3/3
   204 | D:1      | Reached XP level 2. HP: 22/22 MP: 2/4
   397 | D:1      | Reached skill level 5 in Necromancy
  1253 | D:1      | Reached XP level 3. HP: 28/28 MP: 2/5
  1799 | D:2      | Reached skill level 6 in Necromancy
  1799 | D:2      | Reached XP level 4. HP: 25/36 MP: 0/6
  1858 | D:2      | Learned a level 3 spell: Vampiric Draining
  2699 | D:3      | Noticed BoredOne's ghost (weakling OgHu)
  2890 | D:3      | Slain by BoredOne's ghost

Skill      XL: |  1  2  3 |
---------------+----------+-----
Necromancy     | 5 6 |  6.6
Short Blades   | |  0.3
Maces & Flails | |  0.6
Dodging        | |  2.1
Stealth        | |  2.4
Unarmed Combat | |  0.3
Spellcasting   | |  1.7

Action                   |  1- 3 |  4- 6 || total
-------------------------+-------+-------++-------
Melee: Unarmed           |     9 |       ||     9
       Club              |     8 |       ||     8
       Short sword       |    15 |    20 ||    35
 Cast: Pain              |    61 |       ||    61
       Vampiric Draining |       |    11 ||    11
Evoke: Wand              |       |     4 ||     4
 Stab: Sleeping          |     1 |       ||     1
  Eat: Chunk             |     4 |     4 ||     8
       Fruit             |       |     1 ||     1
Armor: Robe              |    10 |     8 ||    18
Dodge: Dodged            |    26 |    23 ||    49
